 Dungeon Crawl Stone Soup version 0.23.2-30-g0e89c35649 (webtiles) character file.

Game seed: 10541197412009975941

274 troglodite the Poker (level 6, 0/48 HPs)
             Began as a Demonspawn Monk on June 23, 2019.
             Succumbed to a worker ant's poison
             ... on level 4 of the Dungeon.
             The game lasted 00:13:00 (4078 turns).

troglodite the Poker (Demonspawn Monk)              Turns: 4078, Time: 00:13:00

Health: 0/48       AC: 10    Str: 11    XL:     6   Next: 3%
Magic:  8/8        EV:  6    Int: 14    God:
Gold:   246        SH:  0    Dex: 15    Spells: 7/7 levels left

rFire    x . .     SeeInvis .   a - +0 spear
rCold    + . .     Gourm    .   (no shield)
rNeg     . . .     Faith    .   r - +0 chain mail
rPois    .         Spirit   +   (no helmet)
rElec    .         Reflect  .   o - +0 cloak
rCorr    .         Harm     .   w - +0 pair of gloves
MR       .....                  (no boots)
Stlth    ..........             (no amulet)
HPRegen  0.16/turn              h - ring of ice
MPRegen  0.11/turn              p - ring of wizardry

@: lethally poisoned (0 -> -15)
A: powered by death 1, magic shield
a: no special abilities


You were on level 4 of the Dungeon.
You were not hungry.

You visited 1 branch of the dungeon, and saw 4 of its levels.

You collected 246 gold pieces.

Inventory:

Hand Weapons
 a - a +0 spear (weapon)
 e - a +0 hunting sling
 i - a +2 short sword of electrocution
Armour
 b - a +0 robe
 f - a +0 scale mail
 o - a +0 cloak (worn)
 r - a +0 chain mail (worn)
 w - a +0 pair of gloves (worn)
Jewellery
 h - a ring of ice (left hand)
 p - a ring of wizardry (right hand)
Scrolls
 d - a scroll of remove curse {unknown}
 g - 2 scrolls of immolation {unknown}
 k - a scroll of blinking {unknown}
 l - 2 scrolls of teleportation {unknown}
 m - 3 scrolls of identify {unknown}
 n - a scroll of enchant weapon {unknown}
 q - a scroll of fear {unknown}
 s - a scroll of enchant armour {unknown}
 x - a scroll of random uselessness {unknown}
Potions
 j - a potion of lignification {unknown}
Comestibles
 c - 8 rations
 t - 4 chunks of flesh


   Skills:
 * Level 3.7 Fighting
 * Level 4.5 Polearms
 * Level 2.0 Armour
 + Level 3.1 Dodging
 + Level 2.2 Stealth
 * Level 1.3 Spellcasting


You had 7 spell levels left.
You didn't know any spells.
Your spell library was empty.

Dungeon Overview and Level Annotations

Branches:
Dungeon (4/15)
 Temple: D:4-7

Altars:
Ashenzari


Innate Abilities, Weirdness & Mutations

You regenerate a little health from kills.
When hurt, damage is shared between your health and your magic reserves.


Message History

The worker ant is severely wounded.
* * * LOW HITPOINT WARNING * * *
You feel sick.
You hear a shout! x2
The worker ant bites you.
* * * LOW HITPOINT WARNING * * *
The orc wizard mumbles some strange words.
The orc wizard flickers and vanishes!
Deactivating autopickup; reactivate with Ctrl-A.
You hit the worker ant.
You kill the worker ant!
You have reached level 6!
Your experience leads to an increase in your attributes!
Increase (S)trength, (I)ntelligence, or (D)exterity?
You feel clever.
Your demonic ancestry asserts itself...
You feel your magical essence form a protective shroud around your flesh.
* * * LOW HITPOINT WARNING * * *
You feel sick.
You barely miss the orc priest.
You die...

###.o....#
.o.o...W.#
#.......#
>...###.o#
# ##{# #5#
#.# #o#
#@# #.##
#..##
###.##
#.รท##
##..# #..#
##.# ##
##.#


You could see a phantom, an orc priest, an orc wizard and a shadow imp.

Vanquished Creatures
  A scorpion (D:4)
  2 hounds (D:4)
  2 worker ants (D:4)
  3 adders
  An ooze (D:3)
  An adder skeleton (D:4)
  A dart slug (D:4)
  4 worms
  2 leopard geckos
  An orc (D:4)
  5 giant cockroaches
  8 goblins
  5 hobgoblins
  4 jackals (D:2)
  5 quokkas
  2 ball pythons
  9 bats
  2 frilled lizards
  9 kobolds
  12 rats
79 creatures vanquished.

Notes
Turn   | Place    | Note
-------+----------+-------------------------------------------
     0 | D:1      | troglodite the Demonspawn Monk began the quest for the Orb.
     0 | D:1      | Reached XP level 1. HP: 18/18 MP: 1/1
   511 | D:1      | Gained mutation: You regenerate a little health from kills.
                  | [demonic ancestry]
   511 | D:1      | Reached XP level 2. HP: 23/24 MP: 2/2
  1161 | D:2      | Reached XP level 3. HP: 10/29 MP: 3/3
  1162 | D:2      | Reached skill level 3 in Polearms
  1466 | D:2      | HP: 1/29 [quokka (1)]
  1823 | D:2      | Found a shattered altar of Ashenzari.
  1831 | D:2      | Reached skill level 1 in Armour
  2372 | D:2      | Reached XP level 4. HP: 8/35 MP: 4/4
  3177 | D:3      | Reached skill level 1 in Spellcasting
  3689 | D:4      | Reached XP level 5. HP: 25/41 MP: 6/6
  3784 | D:4      | Reached skill level 4 in Polearms
  4051 | D:4      | Noticed a phantom
  4077 | D:4      | Gained mutation: When hurt, damage is shared between your
                  | health and your magic reserves. [demonic ancestry]
  4077 | D:4      | Reached XP level 6. HP: 3/48 MP: 8/8
  4077 | D:4      | HP: 2/48 [poisoned by a worker ant]
  4078 | D:4      | Succumbed to a worker ant's poison

Skill      XL: |  1  2  3  4  5 |
---------------+----------------+-----
Stealth        | 2 |  2.2
Dodging        | 3 |  3.1
Polearms       | 3 4 |  4.5
Armour         | 1 2 |  2.0
Spellcasting   | 1 |  1.3
Fighting       | |  3.7

Action                   |  1- 3 |  4- 6 || total
-------------------------+-------+-------++-------
Melee: Spear             |   246 |   239 ||   485
  Use: Potion            |     2 |     3 ||     5
  Eat: Chunk             |     5 |     6 ||    11
Armor: Scale mail        |    99 |       ||    99
       Chain mail        |     9 |   138 ||   147
Dodge: Dodged            |   121 |    56 ||   177
